 Dungeon Crawl Stone Soup version 0.27.0-1-g7a089689b8 (console) character file.

Game seed: 14795538381322077273

7 FIQ the Sneak (level 2, -1/27 HPs)
             Began as a Hill Orc Delver on Aug 8, 2021.
             Slain by a hound (5 damage)
             ... on level 5 of the Dungeon.
             The game lasted 00:00:14 (117 turns).

FIQ the Sneak (Hill Orc Delver)                      Turns: 117, Time: 00:00:14

Health: -1/27      AC:  3    Str: 14    XL:     2   Next: 4%
Magic:  2/2        EV: 11    Int: 10    God:
Gold:   0          SH:  0    Dex: 12    Spells: 1/1 levels left

rFire    . . .     SeeInvis .   a - +0 hand axe
rCold    . . .     Faith    .   (no shield)
rNeg     . . .     Spirit   .   b - +0 leather armour
rPois    .         Reflect  .   (no helmet)
rElec    .         Harm     .   (no cloak)
rCorr    .         Rampage  .   (no gloves)
Will     .....                  (no boots)
Stlth    ++........             (no amulet)
HPRegen  0.09/turn              (no ring)
MPRegen  0.08/turn              (no ring)

@: no status effects
A: no striking features
a: no special abilities


You were on level 5 of the Dungeon.
You visited 1 branch of the dungeon, and saw 1 of its levels.

Inventory:

Hand Weapons
 a - a +0 hand axe (weapon)
Armour
 b - a +0 leather armour (worn)
Wands
 g - a wand of digging (3)
Scrolls
 c - a scroll of fog
 d - a scroll of magic mapping
 e - a scroll of fear
Potions
 f - a potion of haste


   Skills:
 + Level 3.8 Fighting
 + Level 3.0 Axes
 + Level 1.7 Dodging
 + Level 4.2 Stealth


You had one spell level left.
You didn't know any spells.
Your spell library was empty.

Dungeon Overview and Level Annotations

Branches:
Dungeon (5/15)
 Temple: D:4-7

Altars:


Message History

Welcome, FIQ the Hill Orc Delver.
Will you prevail where others failed? Will you find the Orb of Zot?
Press ? for a list of commands and other information.
Found a stone staircase leading down and a stone staircase leading up.
An orc comes into view. It is wielding a +0 whip.
The orc shouts!
You hit the orc.
The orc is heavily wounded.
The orc hits you with a +0 whip. The orc closely misses you.
You hit the orc.
You kill the orc!
Things that are here:
a +0 whip; a +0 leather armour HP restored.
A hound comes into view.
An ufetubus comes into view.
The hound barks!
The ufetubus shouts!
You hear a shout!
The hound bites you. The hound barely misses you.
The ufetubus barely misses you. The ufetubus closely misses you.
You completely miss the ufetubus. The ufetubus barely misses you. x2
You closely miss the ufetubus.
The ufetubus hits you but does no damage.
The ufetubus hits you. The ufetubus barely misses you. The ufetubus hits you.
You hit the ufetubus.
The ufetubus is severely wounded.
The ufetubus hits you but does no damage.
The ufetubus hits you. The ufetubus misses you.
The ufetubus completely misses you.
You hit the ufetubus.
You kill the ufetubus!
Your Axes skill increases to level 3!
You have reached level 2!
You miss the hound. The hound bites you. The hound barely misses you.
You closely miss the hound. The hound bites you. The hound barely misses you.
You closely miss the hound. The hound barely misses you.
The hound closely misses you.
You miss the hound. The hound bites you.
You closely miss the hound. The hound bites you but does no damage.
The hound bites you.
* * * LOW HITPOINT WARNING * * *
You miss the hound. The hound misses you. The hound bites you.
You die...

##.#.##
##.#.#.##
##.#.#.#.##
##.#.###.#.##
##.#.##
##.#.##
##.#.##
##.#.##
##.#.##
##.#.##
#.#.##
##.#.## .#.##
##@#.# #)#.##
#...#h#
##.#.##
#.#.#.##
##.#.## #.#.#
##.#.## ##.#
##.#.## ##
#..##.#.##
#...##.#.##
....##.#.##


You could see a hound.

Vanquished Creatures
  An ufetubus (D:5)
  An orc (D:5)
2 creatures vanquished.

Notes
Turn   | Place    | Note
-------+----------+-------------------------------------------
     0 | D:5      | FIQ the Hill Orc Delver began the quest for the Orb.
     0 | D:5      | Reached XP level 1. HP: 19/19 MP: 1/1
    98 | D:5      | Noticed a hound
   112 | D:5      | Reached XP level 2. HP: 15/27 MP: 2/2
   117 | D:5      | Slain by a hound

Illustrated notes

Levels and vault maps discovered:
D:5:      minmay_inner_zag, layout_basic, elyvilon_altar_5, led_sif_pool,
          minmay_temple_entry_drinking_statues, minmay_misc_feat_columns,
          uniq_blork_the_orc

Skill      XL: |  1 |
---------------+----+-----
Axes           | 3 |  3.0
Fighting       | |  3.8
Dodging        | |  1.7
Stealth        | |  4.2

Action                   || total
-------------------------++-------
Melee: Hand axe          ||    12
Armor: Leather armour    ||     3
Dodge: Dodged            ||    14
